 Dungeon Crawl Stone Soup version 0.30-a0-5-g3a90980b9d (webtiles) character file.

Game seed: 8573243101508300260

389 Nedwor the Cutter (level 6, -1/47 HPs)
             Began as a Demonspawn Gladiator on Aug 19, 2022.
             Was a Believer of Uskayaw.
             Killed by nerve-wracking pain
             ... invoked by a shadow imp
              (14 damage)
             ... on level 5 of the Dungeon on Aug 22, 2022.
             The game lasted 00:10:25 (5772 turns).

Nedwor the Cutter (Demonspawn Gladiator)            Turns: 5772, Time: 00:10:26

Health: -1/47      AC: 11    Str: 16    XL:     6   Next: 50%
Magic:  7/7        EV:  9    Int:  9    God:    Uskayaw [**....]
Gold:   233        SH:  0    Dex: 15    Spells: 5/5 levels left

rFire   + . .      SeeInvis .    a - +1 rapier
rCold   . . .      Faith    .    (no shield)
rNeg    . . .      Spirit   .    c - +0 chain mail
rPois   .          Reflect  .    e - +0 helmet
rElec   .          Harm     .    l - +1 cloak
rCorr   .          Rampage  .    (no gloves)
Will    .....                    (no boots)
Stlth   ..........               (no amulet)
HPRegen 0.15/turn                t - ring of protection from fire
MPRegen 0.10/turn                (no ring)

@: no status effects
A: demonic guardian 1, sturdy frame 1, weakness stinger 2
a: Renounce Religion, Stomp, Line Pass


You were on level 5 of the Dungeon.
You worshipped Uskayaw.
Uskayaw was noncommittal.
You visited 1 branch of the dungeon, and saw 5 of its levels.

You collected 233 gold pieces.

Inventory:

Hand Weapons
 a - a +1 rapier (weapon)
Armour
 c - a +0 chain mail (worn)
 e - a +0 helmet (worn)
 l - a +1 cloak (worn)
Jewellery
 n - a ring of flight
 t - a ring of protection from fire (left hand)
Wands
 s - a wand of charming (8)
Scrolls
 b - a scroll of enchant weapon
 d - a scroll of fear {unknown}
 g - a scroll of identify
 m - 2 scrolls of amnesia
Potions
 f - 2 potions of resistance {unknown}
 h - a potion of heal wounds {unknown}
 i - a potion of flight {unknown}
 j - a potion of might {unknown}
 k - 4 potions of curing
 o - a potion of berserk rage {unknown}
 q - a potion of magic {unknown}


   Skills:
 + Level 3.5 Fighting
 * Level 4.3 Short Blades
 - Level 2.8 Throwing
 + Level 1.2 Armour
 + Level 3.9 Dodging
 + Level 1.9 Invocations


You had 5 spell levels left.
You didn't know any spells.
Your spell library contained the following spells:

 Spells                   Type           Power      Damage    Failure   Level
 Necrotise                Necr           0%         1d4       98%         1
 Sandblast                Erth           0%         2d4       98%         1
 Passwall                 Tmut/Erth      0%         N/A       99%         2
 Stone Arrow              Conj/Erth      0%         3d7       100%        3
 Vampiric Draining        Necr           0%         2d6       100%        3
 Agony                    Necr           0%         N/A       100%        5


Dungeon Overview and Level Annotations

Branches:
Dungeon (5/15)             Temple (0/1) D:4

Altars:
Uskayaw
Vehumet
Wu Jian


Innate Abilities, Weirdness & Mutations

A weak demonic guardian rushes to your aid.
Your movements are slightly less encumbered by armour. (ER -2)
You have a tail ending in a sharp stinger.


Message History

You barely miss the iguana.
The iguana is moderately wounded.
The shadow imp shouts, "Decamp, thou currish doghearted clotpole!"
The iguana bites you.
You barely miss the iguana.
The iguana is moderately wounded.
The iguana closely misses you.
You barely miss the iguana.
The iguana is moderately wounded.
The iguana bites you.
You hit the iguana.
The iguana is heavily wounded.
The iguana bites you but does no damage.
You hit the iguana but do no damage.
The iguana is heavily wounded.
The iguana completely misses you.
You hit the iguana but do no damage.
The iguana is heavily wounded.
You hit the iguana.
The iguana is severely wounded.
The iguana bites you!
You hit the iguana but do no damage.
The iguana is severely wounded.
The shadow imp hits you but does no damage.
The iguana bites you.
You hit the iguana.
The iguana is almost dead.
The iguana bites you!
* * * LOW HITPOINT WARNING * * *
A demonic guardian appears!
The shadow imp hits you but does no damage.
You can now pass through a line of other dancers.
The iguana attacks as you move away! The iguana bites you.
* * * LOW HITPOINT WARNING * * *
Your shadow imp gestures at the iguana.
The iguana writhes in agony.
The iguana dies!
The shadow imp gestures at you. Pain shoots through your body!
You die...

#..............
#.............#
..............#
..............>..
............# . .
#....5.# ...
#.######5###....
.###.####..........
..........@........
..........#####...#
..#.>..########.##
###.............
###.#######.## #.##
#.# #..## #.#
##..#####.#
##.##....#


You could see a shadow imp.

Vanquished Creatures
  A phantom (D:2)
  A scorpion (D:4)
  A howler monkey (D:4)
  2 iguanas (D:4)
  6 adders
  3 dart slugs
  A worm (D:2)
  5 orcs (D:3)
  6 ball pythons
  3 bats
  6 endoplasms
  5 giant cockroaches
  12 goblins
  7 hobgoblins
  3 quokkas
  12 frilled lizards
  9 kobolds
  4 rats
87 creatures vanquished.

Vanquished Creatures (collateral kills)
  An iguana (D:5)
1 creature vanquished.

Vanquished Creatures (others)
  13 fungi (D:4)
13 creatures vanquished.

Grand Total: 101 creatures vanquished

Notes
Turn   | Place    | Note
-------+----------+-------------------------------------------
     0 | D:1      | Nedwor the Demonspawn Gladiator began the quest for the
                  | Orb.
     0 | D:1      | Reached XP level 1. HP: 16/16 MP: 1/1
   331 | D:1      | Gained mutation: Your movements are slightly less
                  | encumbered by armour. (ER -2) [demonic ancestry]
   331 | D:1      | Reached XP level 2. HP: 20/22 MP: 2/2
   696 | D:1      | Reached skill level 3 in Short Blades
   759 | D:1      | Found a faded altar of an unknown god.
   996 | D:1      | Gained mutation: You have a small tail. [demonic ancestry]
   996 | D:1      | Reached XP level 3. HP: 23/28 MP: 3/3
  2654 | D:3      | Gained mutation: You have a tail ending in a sharp stinger.
                  | [demonic ancestry]
  2654 | D:3      | Reached XP level 4. HP: 32/34 MP: 4/4
  3035 | D:3      | Found a radiant altar of Vehumet.
  3257 | D:3      | Noticed a phantom
  3294 | D:2      | Killed a phantom
  3295 | D:2      | Reached XP level 5. HP: 3/41 MP: 5/5
  4275 | D:3      | Upgraded the game from 0.30-a0-1-g69b7b797bf to
                  | 0.30-a0-5-g3a90980b9d
  4404 | D:3      | Found a hide-covered altar of Uskayaw.
  4417 | D:3      | Became a worshipper of Uskayaw the Reveller
  4548 | D:4      | Reached * piety under Uskayaw
  4554 | D:4      | Reached ** piety under Uskayaw
  4563 | D:4      | Reached *** piety under Uskayaw
  4615 | D:4      | Reached skill level 4 in Short Blades
  4615 | D:4      | Reached skill level 1 in Invocations
  4615 | D:4      | Gained mutation: A weak demonic guardian rushes to your
                  | aid. [demonic ancestry]
  4615 | D:4      | Reached XP level 6. HP: 34/47 MP: 6/6
  4740 | D:4      | Found an ornate altar of the Wu Jian Council.
  5186 | D:4      | Reached skill level 1 in Armour
  5396 | D:4      | Found a staircase to the Ecumenical Temple.
  5729 | D:5      | Entered Level 5 of the Dungeon
  5772 | D:5      | Killed from afar by a shadow imp

Illustrated notes

Levels and vault maps discovered:
D:1:      dpeg_arrival_fog, layout_loops_ring, basic_ecumenical_altar,
          minmay_lizard_pond
D:2:      layout_loops_ring
D:3:      layout_loops_cross, nicolae_uskayaw_murder_on_the_dancefloor,
          mainiacjoe_overflow_boulevard, minmay_ruptured
D:4:      layout_loops_ring, mainiacjoe_overflow_brackets,
          minmay_temple_entry_antechambers, serial_aquarium,
          aquarium_bridge_square [aquarium_subvault_window,
          aquarium_subvault_bridge, aquarium_subvault_wall,
          aquarium_subvault_window], aquarium_bridge_square
          [aquarium_subvault_wall, aquarium_subvault_bridge,
          aquarium_subvault_bridge, aquarium_subvault_wall], aquarium_window_1,
          aquarium_window_corner, aquarium_window_corridor_1, aquarium_window_2,
          aquarium_view_2c, aquarium_view_2a, aquarium_balcony_1a,
          aquarium_pool_split, corexii_item_surrounded_by_moat
D:5:      minmay_goblin_kobold_castle, layout_rooms, trog_ov_bears_minmay,
          mainiacjoe_overflow_concentric_impassable,
          amethyst_overflow_temple_binary

Skill      XL: |  1  2  3  4  5  6 |
---------------+-------------------+-----
Throwing       | 2 |  2.8
Short Blades   | 3 4 |  4.3
Dodging        | 3 |  3.9
Fighting       | 3 |  3.5
Invocations    | 1 |  1.9
Armour         | 1 |  1.2

Action                   |  1- 3 |  4- 6 || total
-------------------------+-------+-------++-------
Melee: Rapier            |   169 |   181 ||   350
       Punch             |     3 |     1 ||     4
       Tailslap          |    10 |    22 ||    32
  Use: Scroll            |       |     8 ||     8
       Potion            |       |     1 ||     1
 Stab: Invisible         |       |     1 ||     1
       Paralysed         |       |     1 ||     1
Armor: Leather armour    |    23 |       ||    23
       Scale mail        |    32 |    33 ||    65
       Chain mail        |       |    46 ||    46
Dodge: Dodged            |    74 |    86 ||   160

Table legend: (Time is in decaauts)
 A = Elapsed time spent in this place.
 B = Non-inter-level travel time spent in this place.
 C = Inter-level travel time spent in this place.
 D = Time resting spent in this place.
 E = Time spent auto-exploring this place.
 F = Levels seen in this place.
 G = Mean time per level.
                   A        B        C        D        E       F      G
               +--------+--------+--------+--------+--------+-----+--------+
         Total |   5784 |   5647 |    137 |    881 |   4027 |   5 | 1156.8 |
       Dungeon |   5784 |   5647 |    137 |    881 |   4027 |   5 | 1156.8 |
               +--------+--------+--------+--------+--------+-----+--------+

Top non-repeatable levels by time:
     D:2: 1781 daAuts
     D:1: 1571 daAuts
     D:3: 1201 daAuts
     D:4: 1186 daAuts
     D:5: 42 daAuts
